AoeStats
← Komkommersla

Hideout

503446138Analyzed
4v4 RM · 3mo ago on Aug 31, 2026· 30m 18s· 8 players
Game mode
Random Map
Map size
Large (8 player)
Population
200
Speed
Normal
Resources
Standard
Victory
Conquest
Starting age
Dark Age
Ending age
Imperial Age
RankedLock teamsTeams togetherTeam positionsShared explorationLock speedFull tech treeHidden civsTurbo modeCheats
Victory
Defeat
🇳🇱 Maya · Netherlands
1530
+9
🇩🇪 Saracens · Germany
1451
+12
🇳🇱 Franks · Netherlands
1409
+13
🇻🇳 Shu · Vietnam
1377
+15
vs
🇫🇷 Bengalis · France
1485
-18
🇫🇷 Bulgarians · France
1474
-18
🇫🇷 Hindustanis · France
1402
-14
🇫🇷 Burgundians · France
1057
-3
Ares_Hong Bang- Zhao Dynasty
2:46 Loom
6:46 Loom
9:20 Feudal Age
8:25 Loom
12:43 Fletching
13:40 Padded Archer Armor
21:46 Castle Age
19:46 Double-Bit Axe
21:23 Gold Mining
21:50 Crossbowman
22:30 Bodkin Arrow
24:30 Wheelbarrow
24:15 Leather Archer Armor
29:12 Thumb Ring
30:08 Ballistics
Komkommersla
0:27 Loom
9:16 Feudal Age
10:09 Double-Bit Axe
11:46 Wheelbarrow
12:41 Fletching
15:47 Padded Archer Armor
16:57 Horse Collar
23:35 Castle Age
22:21 Scale Mail Armor
24:13 Forging
23:38 Crossbowman
24:30 Bodkin Arrow
24:53 Town Watch
25:53 Pikeman
28:09 Squires
30:03 Bow Saw
VanillaCoke
9:00 Feudal Age
9:35 Double-Bit Axe
12:20 Loom
14:13 Forging
20:36 Castle Age
19:26 Scale Barding Armor
19:21 Gold Mining
20:58 Light Cavalry
24:02 Iron Casting
24:46 Bow Saw
26:53 Husbandry
27:14 Chain Barding Armor
Ficki-T-E
10:24 Feudal Age
14:25 Castle Age
12:35 Stone Mining
13:17 Double-Bit Axe
14:39 Loom
23:22 Gold Mining
23:39 Scale Barding Armor
23:47 Forging
24:25 Scale Barding Armor
26:01 Iron Casting
25:58 Fletching
30:04 Bloodlines
TwoTemple
10:44 Feudal Age
11:39 Double-Bit Axe
14:29 Castle Age
12:40 Horse Collar
14:24 Scale Barding Armor
18:36 Husbandry
18:52 Bow Saw
18:31 Loom
21:48 Chain Barding Armor
22:56 Bloodlines
24:48 Forging
24:41 Stone Mining
24:43 Gold Mining
25:52 Wheelbarrow
26:07 Heavy Plow
29:04 Hand Cart
AGS.Euphiebe
11:26 Loom
13:11 Feudal Age
12:33 Double-Bit Axe
13:10 Horse Collar
17:39 Castle Age
16:41 Bow Saw
20:35 Two-Man Saw
20:57 Wheelbarrow
21:00 Town Watch
21:17 Stone Mining
21:17 Gold Mining
23:51 Hand Cart
25:00 Gold Shaft Mining
25:01 Stone Shaft Mining
31:25 Imperial Age
29:45 Fletching
29:55 Padded Archer Armor
Eras Mousse
10:13 Feudal Age
14:25 Castle Age
12:20 Horse Collar
13:17 Loom
15:40 Double-Bit Axe
20:05 Wheelbarrow
22:27 Fletching
24:08 Bow Saw
29:21 Heavy Plow
Devious Adar
10:09 Feudal Age
14:27 Castle Age
12:16 Horse Collar
12:51 Double-Bit Axe
15:13 Loom
19:44 Wheelbarrow
28:43 Hand Cart
28:15 Town Watch
29:30 Stone Mining
Connection lost

Rejoining the realm…

Still unreachable

The connection could not be restored.

Session expired

The server has moved on; the page needs a fresh start.